 Dungeon Crawl Stone Soup version 0.19.0-2-gae57169 (webtiles) character file.

31 tv1990 the Cudgeler (level 3, -3/29 HPs)
             Began as a Formicid Monk on Nov 5, 2016.
             Slain by a gnoll
             ... wielding a +0 halberd
              (5 damage)
             ... on level 2 of the Dungeon.
             The game lasted 00:02:37 (1060 turns).

tv1990 the Cudgeler (Formicid Monk)                 Turns: 1060, Time: 00:02:37

Health: -3/29      AC:  5    Str: 15    XL:     3   Next: 40%
Magic:  3/3        EV: 11    Int:  9    God:
Gold:   46         SH:  0    Dex: 14    Spells: 0 memorised, 2 levels left

rFire  . . .     SeeInvis +     d - +2 whip (pain)
rCold  . . .     Gourm    .     f - +0 ring mail
rNeg   . . .     Faith    .     (no shield)
rPois  .         Spirit   .     (helmet unavailable)
rElec  .         Reflect  .     (no cloak)
rCorr  .         Harm     .     (no gloves)
MR     .....                    (no boots)
Stlth  +.........               (no amulet)
                                (no ring)
                                (no ring)

@: no status effects
A: permanent stasis, dig shafts and tunnels, four strong arms, antennae 3
a: Dig, Shaft Self


You were on level 2 of the Dungeon.
You were hungry.

You visited 1 branch of the dungeon, and saw 2 of its levels.

You collected 46 gold pieces.

Inventory:

Hand Weapons
 a - a +0 mace
 d - a +2 whip of pain (weapon)
Armour
 b - a +0 robe
 f - a +0 ring mail (worn)
Wands
 j - a wand of lightning (9/15)
Potions
 e - a potion of curing {unknown}
 g - a potion of flight {unknown}
 h - a potion of cancellation {unknown}
Comestibles
 c - a bread ration
 i - a beef jerky
 k - 6 chunks of flesh


   Skills:
 + Level 3.6 Fighting
 * Level 3.6 Maces & Flails
 + Level 1.3 Armour
 - Level 2.6 Dodging
 - Level 2.4 Stealth


You had 2 spell levels left.
You didn't know any spells.

Dungeon Overview and Level Annotations

Branches:
Dungeon (2/15)

Altars:
Xom


Innate Abilities, Weirdness & Mutations

You are under a permanent stasis effect.
You can dig through walls and to a lower floor.
Your four strong arms can wield two-handed weapons with a shield.
You have a pair of large antennae on your head. (SInv)


Message History

You hit the gnoll.
The gnoll is moderately wounded.
The gnoll hits you with a halberd!
* * * LOW HITPOINT WARNING * * *
You hit the gnoll but do no damage.
The gnoll is moderately wounded.
The gnoll closely misses you.
You barely miss the gnoll.
The gnoll is moderately wounded.
You hit the gnoll.
The gnoll is heavily wounded.
The gnoll hits you with a halberd!
* * * LOW HITPOINT WARNING * * *
You hit the gnoll.
The gnoll is severely wounded.
The gnoll closely misses you.
You hit the gnoll but do no damage.
The gnoll is severely wounded.
The gnoll hits you with a halberd.
You die...

##.#.## ...g.#
#.#..#
#.#..####
#.####.......#
#......{..##.#
###.#####{#.#
.....##g##.# {
#.#.###@#.#
#....####.#
#.....)...#
##...######
##.## #.# #.#
#.# #.#


You could see a gnoll.

Vanquished Creatures
  An adder (D:2)
  2 bats (D:2)
  A giant cockroach (D:1)
  4 hobgoblins
  4 kobolds (D:1)
  A quokka (D:2)
  3 frilled lizards (D:1)
  2 goblins
  4 rats
22 creatures vanquished.

Notes
Turn   | Place    | Note
-------+----------+-------------------------------------------
     0 | D:1      | tv1990 the Formicid Monk began the quest for the Orb.
     0 | D:1      | Reached XP level 1. HP: 18/18 MP: 1/1
    15 | D:1      | i'm gonna bring the PAIN
   401 | D:1      | Reached XP level 2. HP: 15/24 MP: 2/2
   483 | D:1      | Reached skill level 1 in Armour
   839 | D:2      | Found a shimmering altar of Xom.
   938 | D:2      | Reached XP level 3. HP: 26/29 MP: 3/3
  1058 | D:2      | HP: 1/29 [gnoll/halberd (10)]
  1060 | D:2      | Slain by a gnoll

Skill      XL: |  1  2 |
---------------+-------+-----
Armour         | 1 |  1.3
Fighting       | |  3.6
Maces & Flails | |  3.6
Dodging        | |  2.6
Stealth        | |  2.4

Action                   || total
-------------------------++-------
Melee: Whip              ||    87
 Abil: Dig               ||     1
  Use: Scroll            ||     2
 Stab: Sleeping          ||     2
Armor: Robe              ||     5
       Ring mail         ||    15
Dodge: Dodged            ||    45

Table legend:
 A = Turns spent in this place as a percentage of turns spent in the entire game.
 B = Non-inter-level travel turns spent in this place as a percentage of non-inter-level travel turns spent in the entire game.
 C = Inter-level travel turns spent in this place as a percentage of turns spent in this place.
 D = Turns resting spent in this place as a percentage of non-inter-level travel turns spent in this place.
 E = Turns spent auto-exploring this place as a percentage of non-inter-level travel turns spent in this place.
 F = Non-inter-level travel turns spent in this place divided by the number of levels of this place that you've seen.
                   A       B       C       D       E      F
               +-------+-------+-------+-------+-------+----------------------
         Total | 100.0 | 100.0 |   0.8 |   1.6 |  21.5 | 125.5
       Dungeon | 100.0 | 100.0 |   0.8 |   1.6 |  21.5 | 125.5
               +-------+-------+-------+-------+-------+----------------------

Table legend:
 A = Kills in this place as a percentage of kills in entire the game.
 B = Kills by you in this place as a percentage of kills by you in the entire game.
 C = Kills by friends in this place as a percentage of kills by friends in the entire game.
 D = Other kills in this place as a percentage of other kills in the entire game.
 E = Experience gained in this place as a percentage of experience gained in the entire game.
 F = Experience gained in this place divided by the number of levels of this place that you have seen.
                   A       B       C       D       E      F
               +-------+-------+-------+-------+-------+----------------------
         Total | 100.0 | 100.0 |  -nan |  -nan | 100.0 |  22.5
       Dungeon | 100.0 | 100.0 |  -nan |  -nan | 100.0 |  22.5
               +-------+-------+-------+-------+-------+----------------------

Vault maps used:
D:1:      dpeg_arrival_rooms_b
D:2:      xom_butterflies
